 Dungeon Sprint DCSS version 0.30-a0-149-g7f746667c4 (webtiles) character file.

Game seed: 10868874002066920422

315 Monica the Trooper (level 6, -2/53 HPs)
             Began as a Demonspawn Fighter on Sept 26, 2022.
             Was an Initiate of Qazlal.
             Slain by an unseen horror (8 damage)
             ... in the Dungeon (Sprint IX: "|||||||||||||||||||||||||||||").
             The game lasted 00:01:46 (525 turns).

Monica the Trooper (Demonspawn Fighter)              Turns: 525, Time: 00:01:47

Health: -2/53      AC: 13    Str: 21    XL:     6   Next: 19%
Magic:  8/8        EV: 10    Int:  9    God:    Qazlal [......]
Gold:   0          SH:  5    Dex: 13    Spells: 5/5 levels left

rFire   . . .      SeeInvis .    m - +1 broad axe (flame)
rCold   . . .      Faith    .    c - +0 buckler
rNeg    . . .      Spirit   .    q - +1 scale mail
rPois   .          Reflect  .    (no helmet)
rElec   .          Harm     .    p - +0 cloak
rCorr   .          Rampage  .    o - +0 pair of gloves
Will    .....      NoTele   +    (no boots)
Stlth   ..........               (no amulet)
HPRegen 0.17/turn                s - +3 ring of strength
MPRegen 0.22/turn                r - +2 ring of protection

@: no status effects
A: claws 2, magic regeneration
a: Renounce Religion


You were in the Dungeon.
You worshipped Qazlal.
Qazlal was noncommittal.
You visited 1 branch

Inventory:

Hand Weapons
 a - a +0 long sword
 m - a +1 broad axe of flaming (weapon)
 n - a +2 rapier of venom
Armour
 b - a +0 scale mail
 c - a +0 buckler (worn)
 o - a +0 pair of gloves (worn)
 p - a +0 cloak (worn)
 q - a +1 scale mail (worn)
Jewellery
 r - a +2 ring of protection (right hand)
 s - a +3 ring of strength (left hand)
Wands
 l - a wand of iceblast (10)
Scrolls
 j - 2 scrolls of blinking
 k - 2 scrolls of amnesia
Potions
 d - a potion of invisibility
 e - 5 potions of curing
 f - 3 potions of heal wounds
 g - a potion of haste
 h - 4 potions of magic
 i - a potion of berserk rage


   Skills:
 + Level 6.9 Fighting
 + Level 6.0 Long Blades
 + Level 6.4 Armour
 + Level 3.3 Dodging
 + Level 5.5 Shields
 + Level 3.4 Invocations


You had 5 spell levels left.
You didn't know any spells.
Your spell library was empty.

Dungeon Overview and Level Annotations

Branches:
Dungeon (1/1)

Altars:
Cheibriados
Dithmenos
Fedhas
Gozag
Hepliaklqana
Kikubaaqudgha
Makhleb
Nemelex Xobeh
Okawaru
Qazlal
Ru
Sif Muna
Trog
Uskayaw
Vehumet
Wu Jian
Xom
Yredelemnul
Jiyva
Lugonu


Innate Abilities, Weirdness & Mutations

You have very sharp fingernails.
You regenerate magic rapidly.


Message History

Qazlal accepts your kill. Something hits you.
Deactivating autopickup; reactivate with Ctrl-A.
Something hits you but does no damage.
The orc warrior hits you from afar with a +2 trident of protection!
Your Long Blades skill increases to level 6!
Your Armour skill increases to level 6!
Your Dodging skill gained 2 levels and is now at level 3!
Your Shields skill increases to level 5!
Your Invocations skill gained 3 levels and is now at level 3!
You have reached level 6!
Your demonic ancestry asserts itself...
Your fingernails sharpen.
Okay, then.
Okay, then.
Something hits you but does no damage.
Something hits you but does no damage. x2; Something hits you.
Something hits you.
The orc warrior sings a few bars from the Orcish anthem.
Something hits you but does no damage. Something hits you.
Items here: )))).
The orc warrior cheers loudly, as Orcs often do.
Something hits you but does no damage.
The orc warrior hits you from afar with a +2 trident of protection.
Items here: )))).
Something hits you but does no damage. Something hits you.
Something hits you but does no damage.
The howler monkey hoots and howls with incredible vigour!
Something hits you but does no damage. You block something's attack.
Something hits you.
* * * LOW HITPOINT WARNING * * *
There is an open door, spattered with blood here.
Something hits you but does no damage.
There is a glowing golden altar of the Shining One here.
Something hits you!
* * * LOW HITPOINT WARNING * * *
There is a glowing silver altar of Zin here.
You miss something.
Something hits you but does no damage. x3
You block the orc warrior's attack. Something hits you!
You die... ▓▓▓▓▓▓▓▓▓▓▓▓▓▓▓▓▓▓▓▓▓▓▓▓▓▓▓▓▓▓▓▓▓ ________________@_oyh)D.....†.... ▓▓▓▓▓▓▓▓▓▓▓▓▓▓▓▓▓▓▓▓▓▓▓▓▓▓▓▓▓▓▓▓▓

You could see an orc warrior, an acid dragon, a vampire mosquito and a howler monkey.

Vanquished Creatures
  A yak (D)
  A phantom (D)
  A scorpion (D)
  A jelly (D)
  An ufetubus (D)
  An orc (D)
  A goblin (D)
  A jackal (D)
  3 ball pythons (D)
11 creatures vanquished.

Notes
Turn   | Place    | Note
-------+----------+-------------------------------------------
     0 | D        | Monica the Demonspawn Fighter began the quest for the Orb.
     0 | D        | Reached XP level 1. HP: 18/18 MP: 1/1
   288 | D        | Noticed a scorpion
   288 | D        | Noticed a jelly
   288 | D        | Noticed a phantom
   292 | D        | Killed a scorpion
   293 | D        | Reached skill level 5 in Fighting
   293 | D        | Reached skill level 1 in Dodging
   293 | D        | Gained mutation: You regenerate magic rapidly. [demonic
                  | ancestry]
   293 | D        | Reached XP level 2. HP: 27/27 MP: 2/2
   293 | D        | Reached XP level 3. HP: 33/33 MP: 3/3
   298 | D        | Gained mutation: You have sharp fingernails. [demonic
                  | ancestry]
   298 | D        | Reached XP level 4. HP: 29/39 MP: 4/4
   302 | D        | Reached skill level 5 in Armour
   305 | D        | Killed a phantom
   306 | D        | Reached skill level 5 in Long Blades
   306 | D        | Reached XP level 5. HP: 27/46 MP: 5/5
   427 | D        | Found a snail-covered altar of Cheibriados.
   427 | D        | Found a shadowy altar of Dithmenos.
   427 | D        | Found a blossoming altar of Fedhas.
   427 | D        | Found an opulent altar of Gozag.
   428 | D        | Found a hazy altar of Hepliaklqana.
   429 | D        | Found a viscous altar of Jiyva.
   430 | D        | Found an ancient bone altar of Kikubaaqudgha.
   431 | D        | Found a corrupted altar of Lugonu.
   432 | D        | Found a burning altar of Makhleb.
   433 | D        | Found a sparkling altar of Nemelex Xobeh.
   434 | D        | Found an iron altar of Okawaru.
   435 | D        | Found a stormy altar of Qazlal.
   436 | D        | Found a sacrificial altar of Ru.
   437 | D        | Found a shimmering blue altar of Sif Muna.
   438 | D        | Found a bloodstained altar of Trog.
   439 | D        | Found a hide-covered altar of Uskayaw.
   440 | D        | Found a radiant altar of Vehumet.
   441 | D        | Found an ornate altar of the Wu Jian Council.
   442 | D        | Found a shimmering altar of Xom.
   443 | D        | Became a worshipper of Qazlal Stormbringer
   444 | D        | Found a basalt altar of Yredelemnul.
   503 | D        | Noticed a yak
   503 | D        | Noticed an orc warrior
   503 | D        | Noticed a vampire mosquito
   503 | D        | Noticed an acid dragon
   511 | D        | Killed a yak
   512 | D        | Reached skill level 5 in Shields
   512 | D        | Gained mutation: You have very sharp fingernails. [demonic
                  | ancestry]
   512 | D        | Reached XP level 6. HP: 34/53 MP: 5/8
   525 | D        | Slain by an unseen horror

Illustrated notes

Levels and vault maps discovered:
D:        linesprint [early_d, line_temple, items_1, d_10, items_2, lair_1,
          lair_end, items_3, orc_1, orc_end, items_4, d_15, swamp_1, shoals_1,
          snake_1, spider_1, d_20, vaults_1, items_5, swamp_end, shoals_end,
          snake_end, spider_end, vaults_end, d_27, items_6, zot_1, zot_end,
          crypt_end, forest_end, elf_end, slime_end, tomb_end, abyss_end,
          pan_hell_end]

Skill      XL: |  1  2  3  4  5 |
---------------+----------------+-----
Long Blades    | 3 5 6 |  6.0
Armour         | 4 5 6 |  6.4
Fighting       | 5 6 |  6.9
Dodging        | 1 3 |  3.3
Shields        | 4 5 |  5.5
Invocations    | 3 |  3.4

Action                   |  1- 3 |  4- 6 || total
-------------------------+-------+-------++-------
Melee: Long sword        |    27 |     8 ||    35
       Broad axe         |       |     9 ||     9
  Use: Potion            |     1 |       ||     1
Armor: Scale mail        |    17 |    19 ||    36
Dodge: Dodged            |    17 |     3 ||    20
Block: Buckler           |     3 |    11 ||    14

Table legend: (Time is in decaauts)
 A = Elapsed time spent in this place.
 B = Non-inter-level travel time spent in this place.
 C = Inter-level travel time spent in this place.
 D = Time resting spent in this place.
 E = Time spent auto-exploring this place.
 F = Levels seen in this place.
 G = Mean time per level.
                   A        B        C        D        E       F      G
               +--------+--------+--------+--------+--------+-----+--------+
         Total |    539 |    539 |      0 |    374 |      0 |   1 |  539.0 |
       Dungeon |    539 |    539 |      0 |    374 |      0 |   1 |  539.0 |
               +--------+--------+--------+--------+--------+-----+--------+

Top non-repeatable levels by time:
       D: 539 daAuts
